 Dungeon Crawl Stone Soup version 0.24-a0-434-gd57e52fea8 (console) character file.

Game seed: 4159683176822731201

457 Lexodia the Insei (level 7, -6/52 HPs)
             Began as a Gnoll Transmuter on June 17, 2019.
             Was a Plaything of Xom.
             Mangled by an iguana (15 damage)
             ... on level 5 of the Dungeon.
             The game lasted 00:08:42 (2456 turns).

Lexodia the Insei (Gnoll Transmuter)                Turns: 2456, Time: 00:08:42

Health: -6/52      AC:  2    Str: 12    XL:     7   Next: 6%
Magic:  11/15      EV: 24    Int: 17    God:    Xom [..*...]
Gold:   191        SH:  0    Dex: 21    Spells: 10/16 levels left

rFire    + . .     SeeInvis .     - Unarmed
rCold    . . .     Gourm    .   (shield currently unavailable)
rNeg     . . .     Faith    .   (armour currently unavailable)
rPois    x         Spirit   .   (helmet currently unavailable)
rElec    .         Reflect  .   (cloak currently unavailable)
rCorr    .         Harm     .   (gloves currently unavailable)
MR       .....                  (boots currently unavailable)
Stlth    ++........             z - amulet of the acrobat
HPRegen  0.17/turn              (no ring)
MPRegen  0.14/turn              m - ring of protection from fire

@: spider-form (expiring), very slightly contaminated
A: tiny, distributed training, strong nose
a: End Transformation, Renounce Religion


You were on level 5 of the Dungeon.
You worshipped Xom.
You were a toy of Xom.
You were hungry.
You were a venomous arachnid creature.
You visited 1 branch of the dungeon, and saw 5 of its levels.

You collected 191 gold pieces.

Inventory:

Missiles
 a - 29 arrows
 e - 137 stones
 x - 2 poisoned darts (quivered)
Armour
 b - a +0 robe (melded)
 q - a +0 helmet (melded)
Jewellery
 m - a ring of protection from fire (right front leg)
 z - an amulet of the acrobat (around neck)
Wands
 u - a wand of iceblast (6)
 v - a wand of digging (4)
 w - a wand of paralysis (3)
Scrolls
 j - a scroll of remove curse
 k - 3 scrolls of identify
 n - a scroll of immolation {unknown}
 p - a scroll of enchant armour {unknown}
 s - 2 scrolls of blinking {unknown}
 y - a scroll of noise {unknown}
Potions
 c - a potion of ambrosia
 g - 4 potions of curing
 h - 2 potions of heal wounds {unknown}
 i - a potion of mutation {unknown}
 o - 2 potions of might {unknown}
 r - a potion of berserk rage {unknown}
Comestibles
 d - 5 rations


   Skills:
 + Level 3.4 Fighting
 + Level 2.2 Short Blades
 + Level 2.2 Long Blades
 + Level 2.2 Axes
 + Level 2.2 Maces & Flails
 + Level 2.2 Polearms
 + Level 2.2 Staves
 + Level 2.2 Slings
 + Level 2.2 Bows
 + Level 2.2 Crossbows
 + Level 2.2 Throwing
 + Level 2.2 Armour
 + Level 5.1 Dodging
 + Level 2.2 Stealth
 + Level 2.2 Shields
 + Level 6.9 Unarmed Combat
 + Level 5.4 Spellcasting
 + Level 1.7 Conjurations
 + Level 1.7 Hexes
 + Level 1.7 Charms
 + Level 1.7 Summonings
 + Level 1.7 Necromancy
 + Level 1.7 Translocations
 + Level 4.2 Transmutations
 + Level 1.7 Fire Magic
 + Level 1.7 Ice Magic
 + Level 1.7 Air Magic
 + Level 1.7 Earth Magic
 + Level 1.7 Poison Magic
 + Level 2.4 Invocations
 + Level 2.2 Evocations


You had 10 spell levels left.
You knew the following spells:

 Your Spells              Type           Power        Failure   Level  Hunger
a - Beastly Appendage     Tmut           ###...       9%          1    None
b - Sticks to Snakes      Tmut           ###.....     12%         2    #......
c - Spider Form           Tmut/Pois      ##........   28%         3    ##.....

Your spell library contained the following spells:

 Spells                   Type           Power        Failure   Level  Hunger
 Ice Form                 Ice/Tmut       ##......     58%         4    ####...
 Blade Hands              Tmut           ###.......   75%         5    ######.


Dungeon Overview and Level Annotations

Branches:
Dungeon (5/15)
 Temple: D:4-7

Altars:
Fedhas
Okawaru
Sif Muna
Vehumet
Wu Jian
Xom

Annotations:
D:4 1 runed translucent door, StandStab's ghost, amateur MiFi


Innate Abilities, Weirdness & Mutations

Your experience applies equally to all skills.
((You have very sharp teeth.))
Your uncanny sense of smell can sniff out nearby items.


Message History

The adder completely misses you. The iguana completely misses you.
The adder misses you.
You hit the adder.
You kill the adder!
The iguana barely misses you.
You hit the bullfrog zombie.
The bullfrog zombie is lightly damaged.
The iguana misses you.
The bullfrog zombie completely misses you.
You bite the bullfrog zombie!
The bullfrog zombie is heavily damaged.
The iguana barely misses you. The bullfrog zombie closely misses you.
You hit the bullfrog zombie.
The bullfrog zombie is severely damaged.
The bullfrog zombie completely misses you.
The iguana completely misses you.
You barely miss the iguana. The bullfrog zombie misses you.
The iguana bites you!
You die...
Xom roars with laughter!

∆ ....# #... #o.
# # # ##.# .#
###.# #.#.5# ..#
#<..#
#####o#o.#...##
##..#
..oZoZooo.......
....
##l####.##.#.###
.###
#.sZol.<.... ..
∆ #l#####.#.##
.# ..S #..# .#
#.#. ∆ .# .#
#.#. ∆ . # ## ∆
∆


You could see an iguana, an adder, 2 orcs, a bullfrog zombie and a frilled
lizard.

Vanquished Creatures
  A water moccasin (D:5)
  An ogre (D:4)
  A howler monkey (D:5)
  An orc priest (D:4)
  An iguana (D:4)
  2 worker ants
  7 adders
  A worm (D:2)
  4 leopard geckos
  5 orcs
  A ball python (D:2)
  5 bats
  2 giant cockroaches (D:3)
  8 goblins
  8 hobgoblins
  2 quokkas
  A frilled lizard (D:2)
  9 kobolds
  6 rats
66 creatures vanquished.

Notes
Turn   | Place    | Note
-------+----------+-------------------------------------------
     0 | D:1      | Lexodia the Gnoll Transmuter began the quest for the Orb.
     0 | D:1      | Reached XP level 1. HP: 17/17 MP: 6/6
    43 | D:1      | Huge Dmg: 4 dmg
   147 | D:1      | Reached XP level 2. HP: 23/23 MP: 5/7
   170 | D:1      | Learned a level 2 spell: Sticks to Snakes
   296 | D:1      | Huge Dmg: 5 dmg
   510 | D:2      | Reached skill level 5 in Spellcasting
   510 | D:2      | Reached XP level 3. HP: 28/28 MP: 7/9
   515 | D:2      | Learned a level 3 spell: Spider Form
   552 | D:2      | Found a deep blue altar of Sif Muna.
   670 | D:2      | Reached skill level 1 in Invocations
   759 | D:2      | Reached skill level 1 in Short Blades
   759 | D:2      | Reached skill level 1 in Long Blades
   759 | D:2      | Reached skill level 1 in Axes
   759 | D:2      | Reached skill level 1 in Maces & Flails
   759 | D:2      | Reached skill level 1 in Polearms
   759 | D:2      | Reached skill level 1 in Staves
   759 | D:2      | Reached skill level 1 in Slings
   759 | D:2      | Reached skill level 1 in Bows
   759 | D:2      | Reached skill level 1 in Crossbows
   759 | D:2      | Reached skill level 1 in Throwing
   759 | D:2      | Reached skill level 1 in Armour
   759 | D:2      | Reached skill level 1 in Stealth
   759 | D:2      | Reached skill level 1 in Shields
   759 | D:2      | Reached skill level 1 in Evocations
   848 | D:2      | Reached XP level 4. HP: 23/34 MP: 11/11
   997 | D:2      | Found a radiant altar of Vehumet.
  1514 | D:3      | Reached skill level 1 in Conjurations
  1514 | D:3      | Reached skill level 1 in Hexes
  1514 | D:3      | Reached skill level 1 in Charms
  1514 | D:3      | Reached skill level 1 in Summonings
  1514 | D:3      | Reached skill level 1 in Necromancy
  1514 | D:3      | Reached skill level 1 in Translocations
  1514 | D:3      | Reached skill level 1 in Fire Magic
  1514 | D:3      | Reached skill level 1 in Ice Magic
  1514 | D:3      | Reached skill level 1 in Air Magic
  1514 | D:3      | Reached skill level 1 in Earth Magic
  1514 | D:3      | Reached skill level 1 in Poison Magic
  1675 | D:3      | Found a blossoming altar of Fedhas.
  1744 | D:3      | Found a faded altar of an unknown god.
  1758 | D:3      | Became a worshipper of Xom of Chaos
  1862 | D:4      | Noticed an ogre
  1866 | D:4      | XOM: butterfly on damage
  1867 | D:4      | Huge Dmg: 17 dmg
  1869 | D:4      | Huge Dmg: 4 dmg
  1871 | D:4      | Killed an ogre
  1871 | D:4      | Reached XP level 5. HP: 16/41 MP: 8/12
  1940 | D:4      | Noticed StandStab's ghost (amateur MiFi)
  1941 | D:4      | Found a runed translucent door.
  2042 | D:4      | Huge Dmg: 9 dmg
  2047 | D:4      | Huge Dmg: 3 dmg
  2047 | D:4      | Reached XP level 6. HP: 10/47 MP: 10/13
  2048 | D:4      | Huge Dmg: 2 dmg
  2087 | D:4      | XOM: divination: detect items
  2254 | D:4      | Found a faded altar of an unknown god.
  2254 | D:4      | Found a faded altar of an unknown god.
  2259 | D:4      | Found a shimmering altar of Xom.
  2261 | D:4      | Found an ornate altar of the Wu Jian Council.
  2263 | D:4      | Found an iron altar of Okawaru.
  2405 | D:5      | Entered Level 5 of the Dungeon
  2417 | D:5      | Noticed a water moccasin
  2429 | D:5      | Huge Dmg: 8 dmg
  2433 | D:5      | Huge Dmg: 8 dmg
  2435 | D:5      | Huge Dmg: 5 dmg
  2435 | D:5      | XOM: noise
  2435 | D:5      | Killed a water moccasin
  2435 | D:5      | Reached skill level 5 in Dodging
  2439 | D:5      | XOM: cast spell 'Disjunction'
  2448 | D:5      | Reached XP level 7. HP: 12/52 MP: 10/15
  2449 | D:5      | Huge Dmg: 3 dmg
  2456 | D:5      | Mangled by an iguana

Levels and vault maps discovered:
D:1:      co_arrival_random_square_maze, layout_basic
D:2:      layout_basic, fiery_altar_vehumet, led_sif_pool, first_ration,
          minmay_tree_intersection, chequers_mini_garden
D:3:      layout_loops_ring, nicolae_overflow_hidden_temple,
          chequers_ecumenical_altar_simple
D:4:      layout_loops_cross, chequers_temple_overflow_minitemple,
          hellmonk_ghost_happy_afterlife
D:5:      layout_basic, grunt_dithmenos_smoke_and_mirrors, temple_statues

Skill      XL: |  1  2  3  4  5  6 |
---------------+-------------------+-----
Spellcasting   | 5 |  5.4
Invocations    | 1 2 |  2.4
Short Blades   | 1 2 |  2.2
Long Blades    | 1 2 |  2.2
Axes           | 1 2 |  2.2
Maces & Flails | 1 2 |  2.2
Polearms       | 1 2 |  2.2
Staves         | 1 2 |  2.2
Slings         | 1 2 |  2.2
Bows           | 1 2 |  2.2
Crossbows      | 1 2 |  2.2
Throwing       | 1 2 |  2.2
Armour         | 1 2 |  2.2
Stealth        | 1 2 |  2.2
Shields        | 1 2 |  2.2
Evocations     | 1 2 |  2.2
Conjurations   | 1 |  1.7
Hexes          | 1 |  1.7
Charms         | 1 |  1.7
Summonings     | 1 |  1.7
Necromancy     | 1 |  1.7
Translocations | 1 |  1.7
Fire Magic     | 1 |  1.7
Ice Magic      | 1 |  1.7
Air Magic      | 1 |  1.7
Earth Magic    | 1 |  1.7
Poison Magic   | 1 |  1.7
Fighting       | 3 |  3.4
Transmutations | 4 |  4.2
Dodging        | 5 |  5.1
Unarmed Combat | |  6.9

Action                   |  1- 3 |  4- 6 |  7- 9 || total
-------------------------+-------+-------+-------++-------
Melee: Unarmed           |    90 |    82 |     7 ||   179
       Bite              |     4 |     3 |       ||     7
       Punch             |     5 |       |       ||     5
       Kick              |     2 |       |       ||     2
Throw: Dart              |       |     2 |       ||     2
 Cast: Beastly Appendage |     3 |       |       ||     3
       Spider Form       |     2 |    11 |       ||    13
  Use: Potion            |       |     3 |       ||     3
       Scroll            |       |     2 |       ||     2
 Stab: Sleeping          |     4 |     3 |       ||     7
  Eat: Chunk             |       |     5 |       ||     5
Armor: Robe              |     7 |     6 |       ||    13
       Skin              |       |     4 |       ||     4
Dodge: Dodged            |    72 |    82 |    13 ||   167

Table legend:
 A = Non-vault XP
 B = Vault XP
 C = Vault XP percentage of total XP
 D = Non-vault monster count
 E = Vault monster count
 F = Vault count percentage of total count
                 A         B        C        D         E       F
            +---------+---------+-------+---------+---------+-------
      Total |     654 |       0 |   0.0 |      66 |       0 |   0.0
            +---------+---------+-------+---------+---------+-------
        D:1 |      25 |       0 |   0.0 |      16 |       0 |   0.0
        D:2 |      64 |       0 |   0.0 |      17 |       0 |   0.0
        D:3 |      66 |       0 |   0.0 |      18 |       0 |   0.0
        D:4 |     239 |       0 |   0.0 |       8 |       0 |   0.0
        D:5 |     260 |       0 |   0.0 |       7 |       0 |   0.0
            +---------+---------+-------+---------+---------+-------
